 Dungeon Crawl Stone Soup version 0.28.0-49-g6dfe1f597d (webtiles) character file.

Game seed: 11222684989525134593

81 bromine the Cudgeller (level 4, -1/22 (45) HPs)
             Began as a Troll Berserker on May 16, 2022.
             Was a Follower of Trog.
             Slain by a goblin
             ... wielding a +0 dagger
             ... led by Robin
              (5 damage)
             ... on level 2 of the Dungeon.
             The game lasted 00:02:43 (979 turns).

bromine the Cudgeller (Troll Berserker)              Turns: 979, Time: 00:02:43

HP:   -1/22 (45)    AC:  4    Str: 27    XL:     4   Next: 20%
MP:   3/3           EV: 10    Int:  3    God:    Trog [*.....]
Gold: 57            SH:  0    Dex:  9    Spells: 3/3 levels left

rFire   . . .      SeeInvis .   a - +0 mace
rCold   . . .      Faith    .   (no shield)
rNeg    . . .      Spirit   .   b - +0 animal skin
rPois   .          Reflect  .   (helmet restricted)
rElec   .          Harm     .   (no cloak)
rCorr   .          Rampage  .   (gloves unavailable)
Will    .....                   (boots unavailable)
Stlth   +.........              (no amulet)
HPRegen 0.87/turn               f - ring of flight
MPRegen 0.08/turn               (no ring)

@: on berserk cooldown, flying, slowed, extremely drained, very slow
A: large, unfitting armour, claws 3, regeneration 1, shaggy fur 1, tough skin 1
a: Renounce Religion, Berserk


You were on level 2 of the Dungeon.
You worshipped Trog.
Trog was aware of your devotion.
You visited 1 branch of the dungeon, and saw 2 of its levels.

You collected 57 gold pieces.

Inventory:

Hand Weapons
 a - a +0 mace (weapon)
 i - a +0 hand axe
Armour
 b - a +0 animal skin (worn)
Jewellery
 f - a ring of flight (left claw)
Scrolls
 c - a scroll of identify {unknown}
 e - a scroll of teleportation {unknown}
 g - a scroll of fear {unknown}
 h - a scroll of blinking {unknown}
Potions
 d - 3 potions of curing


   Skills:
 + Level 3.0 Fighting
 + Level 3.6 Maces & Flails
 + Level 3.0 Dodging


You had 3 spell levels left.
You didn't know any spells.
Your spell library was empty.

Dungeon Overview and Level Annotations

Branches:
Dungeon (2/15)

Altars:

Annotations:
D:2 Robin


Innate Abilities, Weirdness & Mutations

You are too large for most types of armour.
You have claws for hands.
Your natural rate of healing is unusually fast.
You are covered in fur. (AC +1)
You have tough skin. (AC +1)


Message History

Robin throws the goblin at you! The goblin barely misses you.
The giant cockroach bites you. The goblin hits you but does no damage.
The goblin hits you with a +0 dagger. The hobgoblin misses you.
You barely miss the goblin.
The giant cockroach bites you but does no damage.
The goblin hits you with a +0 club. The goblin hits you but does no damage.
The goblin hits you with a +0 dagger. The giant cockroach barely misses you.
The hobgoblin hits you but does no damage.
Robin roars a battlecry!
The goblins go into a battle-frenzy!
The goblin barely misses you. The goblin hits you with a +0 club.
The goblin completely misses you.
You hit the goblin.
The goblin is heavily wounded.
The giant cockroach bites you but does no damage.
The hobgoblin hits you. The goblin hits you with a +0 club.
The goblin completely misses you. The giant cockroach closely misses you.
The goblin hits you with a +0 dagger. The hobgoblin barely misses you.
The goblin barely misses you. The goblin closely misses you.
The giant cockroach bites you but does no damage.
Okay, then.
You barely miss the hobgoblin. The goblin hits you but does no damage.
The hobgoblin barely misses you. The goblin hits you but does no damage.
The giant cockroach bites you but does no damage.
The goblin hits you but does no damage. x2; The hobgoblin hits you.
The goblin misses you. The giant cockroach bites you.
The goblin barely misses you.
You closely miss the hobgoblin. The goblin hits you with a +0 dagger.
The giant cockroach bites you.
Robin roars a battlecry!
The hobgoblin goes into a battle-frenzy!
The hobgoblin closely misses you. The goblin hits you with a +0 club.
The goblin hits you but does no damage. The giant cockroach closely misses you.
The goblin barely misses you. The hobgoblin hits you.
The goblin barely misses you. The goblin hits you with a +0 club.
* * * LOW HITPOINT WARNING * * *
You hit the hobgoblin but do no damage.
The giant cockroach bites you but does no damage.
The goblin hits you with a +0 dagger.
You die...

## ## #.# #.# #.###.#
#?#.###># . ##......#
####### ... #.########
#.....#
.....##Bgg.....###.###.##
....gggg@#####.##..# #...
..#..###g#####.##..###.##
#. #.##............# ..
#........######## ..
#........# . ##..#.##.#
#....##.####
..............####
#..#<......#.....#


You could see Robin, a giant cockroach, 2 hobgoblins and 4 goblins.

Vanquished Creatures
  Natasha (twice) (D:2)
  An endoplasm (D:1)
  2 giant cockroaches (D:1)
  9 goblins
  4 hobgoblins
  A quokka (D:1)
  3 ball pythons (D:1)
  2 bats (D:1)
  A frilled lizard (D:1)
  5 kobolds (D:1)
  A rat (D:1)
31 creatures vanquished.

Notes
Turn   | Place    | Note
-------+----------+-------------------------------------------
     0 | D:1      | bromine the Troll Berserker began the quest for the Orb.
     0 | D:1      | Reached XP level 1. HP: 22/22 MP: 0/0
   205 | D:1      | Reached XP level 2. HP: 27/29 MP: 1/1
   764 | D:2      | Noticed Natasha
   770 | D:2      | Killed Natasha
   771 | D:2      | Reached XP level 3. HP: 36/36 MP: 2/2
   881 | D:2      | Noticed Natasha
   890 | D:2      | Killed Natasha
   891 | D:2      | Reached XP level 4. HP: 45/45 MP: 3/3
   971 | D:2      | Noticed Robin
   979 | D:2      | Slain by a goblin

Illustrated notes

Levels and vault maps discovered:
D:1:      dpeg_arrival_pits, layout_basic
D:2:      layout_loops_cross, uniq_natasha, uniq_robin

Skill      XL: |  1  2  3 |
---------------+----------+-----
Maces & Flails | 3 |  3.6
Fighting       | 3 |  3.0
Dodging        | 3 |  3.0

Action                   |  1- 3 |  4- 6 || total
-------------------------+-------+-------++-------
Melee: Mace              |    58 |    26 ||    84
       Unarmed           |     1 |       ||     1
Invok: Berserk           |     2 |     1 ||     3
  Use: Potion            |       |     1 ||     1
 Stab: Sleeping          |     1 |       ||     1
Armor: Animal skin       |    23 |    30 ||    53
Dodge: Dodged            |    27 |    42 ||    69
